Map: [ESL] Waterfall

Players

TeebuL - Winner!

  • Race: Protoss Protoss
  • Spawn Location: 7:00

Ranger

  • Race: Protoss Protoss
  • Spawn Location: 1:00

Event: DreamHack SC2 Masters 2022 Atlanta (Online)

VOD

Have the link to the VOD?

Description

Time

  • Played on: Sept. 28, 2022, 5:17 a.m.
  • Length: 14:03

All games in this series

Show
View Real Time Build Order
Export as new Build Order

TeebuL Protoss - Winner!

Build Orders: Blink Stalkers 

Get SALT Encoding   

  12  0:00  Probe  
  13  0:12  Probe  
  14  0:18  Pylon  
  14  0:25  Probe (Chrono Boost)  
  15  0:37  Probe (Chrono Boost)  
  15  0:38  Gateway  
  16  0:45  Probe (Chrono Boost)  
  16  0:49  Assimilator  
  17  0:51  Probe  
  18  1:03  Probe  
  19  1:04  Assimilator  
  19  1:12  Pylon  
  19  1:15  Probe  
  19  1:18  Pylon  
  20  1:27  Probe  
  20  1:31  Cybernetics Core  
  21  1:38  Zealot  
  23  1:40  Probe  
  24  1:52  Probe  
  25  2:04  Stalker (Chrono Boost)  
  25  2:05  Probe  
  28  2:12  Stargate  
  28  2:17  Probe  
  30  2:31  Warp Gate  
  30  2:32  Stalker  
  30  2:35  Pylon  
  31  2:53  Probe  
  31  2:54  Shield Battery  
  32  3:02  Stalker  
  32  3:05  Probe (Chrono Boost)  
  33  3:09  Pylon  
  33  3:13  Twilight Council  
  33  3:17  Probe (Chrono Boost)  
  33  3:28  Probe (Chrono Boost)  
  33  3:34  Gateway  
  33  3:35  Stalker  
  35  3:44  Probe, Blink (Chrono Boost)  
  35  3:46  Gateway  
  36  3:56  Probe  
  37  4:15  Nexus  
  37  4:22  Adept  
  38  4:26  Robotics Facility  
  38  4:30  Probe  
  39  4:39  Shield Battery  
  39  4:45  Pylon  
  39  5:03  Probe  
  40  5:07  Gateway  
  40  5:10  Stalker x3  
  46  5:15  Observer  
  46  5:20  Pylon  
  47  5:26  Probe x2  
  49  5:34  Stalker x2  
  49  5:35  Stalker  
  55  5:38  Probe (Chrono Boost)  
  55  5:40  Probe (Chrono Boost)  
  59  5:50  Probe (Chrono Boost)  
  59  5:51  Probe (Chrono Boost)  
  59  5:55  Probe x2 (Chrono Boost)  
  60  6:02  Stalker x2  
  65  6:05  Probe, Pylon  
  65  6:10  Probe  
  67  6:17  Probe  
  66  6:29  Probe  
  66  6:32  Stalker x4  
  75  6:38  Nexus  
  75  6:41  Pylon  
  75  6:43  Observer  
  75  6:46  Probe  
  78  6:47  Probe  
  78  6:49  Assimilator  
  78  6:55  Pylon  
  78  7:05  Probe  
  79  7:09  Probe  
  79  7:11  Stalker x3  
  86  7:16  Pylon  
  86  7:22  Forge  
  86  7:25  Probe  
  87  7:30  Pylon  
  87  7:33  Probe  
  87  7:35  Immortal (Chrono Boost)  
  87  7:36  Shield Battery, Pylon  
  92  7:45  Sentry x3  
  92  7:47  Protoss Ground Weapons Level 1 (Chrono Boost)  
  92  7:48  Probe (Chrono Boost)  
  100  7:52  Probe (Chrono Boost)  
  100  7:55  Probe (Chrono Boost)  
  100  7:59  Probe (Chrono Boost)  
  100  8:02  Probe (Chrono Boost), Stalker  
  100  8:05  Observer, Probe x2 (Chrono Boost)  
  105  8:10  Probe  
  105  8:11  Immortal  
  110  8:17  Observer, Stalker  
  112  8:21  Stalker  
  112  8:24  Assimilator  
  112  8:25  Pylon  
  114  8:29  Stalker x2  
  118  8:41  Probe  
  118  8:42  Probe  
  118  8:45  Stalker x2  
  124  8:48  Pylon  
  124  8:53  Probe  
  125  8:58  Assimilator  
  125  8:59  Assimilator, Pylon  
  125  9:01  Probe  
  126  9:06  Robotics Bay  
  126  9:08  Observer  
  126  9:10  Probe  
  126  9:12  Probe  
  126  9:16  Stalker x2  
  132  9:20  Probe  
  133  9:25  Stalker x2  
  133  9:28  Gateway  
  133  9:30  Photon Cannon  
  133  9:31  Gateway  
  137  9:38  Protoss Ground Weapons Level 2 (Chrono Boost)  
  137  9:42  Dark Shrine  
  137  9:44  Pylon  
  137  9:47  Pylon  
  137  9:51  Disruptor (Chrono Boost)  
  137  9:58  Charge (Chrono Boost)  
  140  10:10  Probe x2  
  142  10:14  Gateway  
  142  10:16  Gateway  
  142  10:18  Disruptor (Chrono Boost)  
  142  10:21  Photon Cannon  
  145  10:25  Robotics Facility  
  145  10:27  Nexus  
  145  10:37  Pylon  
  145  10:40  Stalker x3  
  145  10:41  Stalker x3  
  157  10:46  Pylon  
  157  10:47  Pylon  
  157  10:56  Shadow Stride (Chrono Boost), Pylon  
  160  10:57  Shield Battery, Disruptor (Chrono Boost), Photon Cannon  
  160  11:05  Zealot x3  
  160  11:07  Pylon  
  160  11:09  Disruptor (Chrono Boost)  
  166  11:18  Observer  
  169  11:20  Shield Battery, Probe  
  168  11:26  Immortal  
  172  11:33  Stalker x2  
  172  11:37  Disruptor  
  175  11:50  Dark Templar x2  
  177  12:05  Disruptor  
  178  12:13  Zealot x6  
  158  12:42  Stalker x8  
  158  12:43  Disruptor x2  
  168  12:48  Probe x2  
  168  12:49  Probe x2  
  160  13:04  Observer  
  154  13:10  Stalker  
  154  13:11  Stalker x7  
  146  13:19  Observer  
  141  13:29  Probe x2  
  141  13:30  Gateway  
  141  13:33  Gateway  
  143  13:37  Nexus  
Show
View Real Time Build Order
Export as new Build Order

Ranger Protoss 

Build Orders:  

Get SALT Encoding   

  12  0:00  Probe  
  13  0:12  Probe  
  14  0:19  Pylon  
  14  0:24  Probe (Chrono Boost)  
  15  0:37  Probe (Chrono Boost)  
  15  0:38  Gateway  
  16  0:45  Probe (Chrono Boost)  
  16  0:47  Assimilator  
  17  0:51  Probe  
  18  1:04  Probe  
  19  1:16  Probe  
  20  1:19  Pylon  
  20  1:23  Assimilator  
  20  1:25  Cybernetics Core  
  20  1:28  Probe  
  21  1:33  Pylon  
  21  1:38  Zealot (Chrono Boost)  
  23  1:40  Probe  
  24  1:52  Probe  
  24  2:03  Adept (Chrono Boost)  
  24  2:04  Probe  
  24  2:06  Pylon  
  27  2:11  Warp Gate  
  27  2:19  Cybernetics Core  
  27  2:22  Probe  
  28  2:23  Adept (Chrono Boost)  
  30  2:33  Shield Battery  
  30  2:42  Pylon  
  30  2:46  Stalker  
  31  3:03  Probe  
  30  3:07  Shield Battery  
  30  3:15  Probe  
  30  3:17  Gateway  
  31  3:29  Probe  
  31  3:31  Twilight Council  
  32  3:45  Stalker  
  34  3:58  Nexus  
  34  4:02  Blink (Chrono Boost)  
  34  4:13  Probe  
  35  4:24  Sentry  
  35  4:25  Stalker  
  35  4:26  Probe  
  38  4:31  Robotics Facility  
  38  4:39  Probe  
  39  4:47  Gateway  
  39  4:55  Pylon  
  39  5:10  Gateway  
  39  5:13  Probe x2 (Chrono Boost)  
  41  5:18  Sentry  
  41  5:19  Observer (Chrono Boost)  
  41  5:21  Stalker  
  46  5:23  Probe (Chrono Boost)  
  46  5:25  Probe (Chrono Boost)  
  46  5:28  Probe (Chrono Boost)  
  48  5:34  Probe  
  50  5:38  Observer  
  50  5:40  Probe  
  52  5:47  Probe  
  52  5:49  Stalker x2  
  57  5:51  Pylon  
  57  5:52  Observer, Stalker  
  57  5:53  Probe  
  57  5:54  Observer  
  59  5:58  Assimilator  
  59  6:00  Probe  
  60  6:04  Pylon  
  60  6:14  Pylon  
  59  6:19  Probe  
  59  6:22  Observer  
  60  6:29  Stalker  
  60  6:32  Nexus  
  62  6:33  Forge  
  62  6:34  Pylon  
  62  6:35  Probe  
  63  6:45  Stalker x2  
  67  6:48  Probe  
  67  6:52  Pylon  
  67  6:55  Observer (Chrono Boost)  
  67  6:59  Probe  
  69  7:02  Protoss Ground Weapons Level 1 (Chrono Boost)  
  69  7:05  Stalker  
  71  7:11  Probe  
  71  7:14  Immortal (Chrono Boost)  
  71  7:15  Probe  
  77  7:21  Stalker x2  
  79  7:27  Shield Battery  
  79  7:29  Probe x2  
  81  7:33  Stalker  
  83  7:37  Stalker  
  85  7:45  Stalker  
  85  7:46  Stalker  
  85  7:49  Probe (Chrono Boost)  
  85  7:51  Probe (Chrono Boost)  
  92  8:01  Charge, Probe (Chrono Boost)  
  92  8:03  Probe (Chrono Boost), Gateway  
  94  8:07  Probe (Chrono Boost), Pylon  
  94  8:08  Probe (Chrono Boost)  
  94  8:11  Probe (Chrono Boost)  
  96  8:14  Stalker  
  96  8:16  Stalker  
  100  8:20  Probe  
  100  8:23  Stalker  
  100  8:26  Probe  
  104  8:27  Probe  
  104  8:30  Pylon  
  104  8:33  Observer, Immortal (Chrono Boost)  
  105  8:37  Probe  
  110  8:44  Robotics Bay  
  110  8:45  Probe  
  110  8:47  Assimilator  
  109  8:48  Probe  
  109  8:50  Assimilator  
  109  8:52  Assimilator  
  109  8:54  Shield Battery, Probe  
  111  8:58  Probe  
  111  9:02  Protoss Ground Weapons Level 2 (Chrono Boost)  
  112  9:03  Robotics Facility, Stalker  
  112  9:09  Pylon  
  114  9:10  Probe  
  114  9:11  Photon Cannon  
  114  9:16  Pylon  
  115  9:18  Probe  
  116  9:31  Probe  
  116  9:32  Dark Shrine  
  116  9:36  Nexus  
  116  9:37  Observer  
  117  9:39  Shield Battery  
  117  9:40  Disruptor (Chrono Boost)  
  120  9:49  Stalker  
  120  9:52  Zealot x2  
  124  10:01  Shield Battery  
  124  10:06  Disruptor x2 (Chrono Boost)  
  122  10:13  Photon Cannon  
  128  10:14  Pylon  
  128  10:15  Probe  
  128  10:16  Probe  
  128  10:17  Probe  
  128  10:20  Pylon  
  131  10:21  Observer  
  131  10:23  Photon Cannon  
  131  10:30  Probe  
  131  10:35  Probe  
  136  10:37  Gateway  
  136  10:38  Disruptor (Chrono Boost)  
  136  10:39  Gateway  
  136  10:41  Photon Cannon  
  136  10:50  Zealot x4  
  136  10:53  Dark Templar  
  146  11:00  Gateway  
  146  11:01  Disruptor (Chrono Boost)  
  146  11:02  Probe  
  146  11:03  Probe x2  
  152  11:04  Probe  
  152  11:07  Disruptor (Chrono Boost)  
  156  11:15  Probe  
  156  11:17  Shadow Stride  
  149  11:18  Gravitic Boosters  
  149  11:19  Probe  
  149  11:20  Probe x2  
  149  11:22  Assimilator  
  149  11:25  Assimilator  
  152  11:29  Observer (Chrono Boost)  
  152  11:31  Dark Templar x2  
  155  11:33  Dark Templar  
  155  11:36  Photon Cannon  
  158  11:42  Disruptor (Chrono Boost)  
  158  11:45  Disruptor (Chrono Boost)  
  161  11:52  Stalker x4  
  169  11:56  Zealot  
  157  12:14  Pylon  
  157  12:16  Pylon  
  157  12:18  Pylon  
  157  12:21  Pylon  
  117  12:42  Stalker x8  
  115  12:47  Probe  
  113  12:56  Disruptor x2 (Chrono Boost)  
  100  13:08  Observer  
  100  13:12  Stalker x7  
  95  13:20  Stalker  
  95  13:24  Disruptor x2  
  95  13:26  Probe  
  96  13:35  Stalker x5  
Tags
 
Add a new tag
Caveats
  • Supply blocks, unpowered buildings, or Contaminate may cause inaccurate times.
  • Supply counts are checked every 10 seconds.